 Dungeon Crawl Stone Soup version 0.25-a0-404-gc1b5a34292 (webtiles) character file.

Game seed: 5285074956983308832, levelgen mode: deterministic

7 Jerej03 the Conjurer (level 1, -1/7 HPs)
             Began as a Felid Conjurer on Jan 11, 2020.
             Slain by a leopard gecko (5 damage)
             ... on level 2 of the Dungeon.
             The game lasted 00:02:19 (128 turns).

Jerej03 the Conjurer (Felid Conjurer)                Turns: 128, Time: 00:02:20

Health: -1/7       AC:  1    Str:  4    XL:     1   Next: 91%
Magic:  0/4        EV: 18    Int: 16    God:
Gold:   16         SH:  0    Dex: 16    Spells: 3/4 levels left
                                        Lives:  0   Deaths: 0

rFire    . . .     SeeInvis +   (weapon unavailable)
rCold    . . .     Gourm    .   (shield unavailable)
rNeg     . . .     Faith    .   (armour unavailable)
rPois    .         Spirit   .   (helmet unavailable)
rElec    .         Reflect  .   (cloak unavailable)
rCorr    .         Harm     .   (gloves unavailable)
MR       .....                  (boots unavailable)
Stlth    +++.......             (no amulet)
HPRegen  0.02/turn              (no ring)
MPRegen  0.09/turn              (no ring)

@: quick
A: very small, no armour, no weapons or thrown items, stealth, claws 1, fangs 3,
see invisible, carnivore, speed 1, shaggy fur 1, slow metabolism 1, sharp paws
a: no special abilities


You were on level 2 of the Dungeon.
You were full.

You visited 1 branch of the dungeon, and saw 2 of its levels.

You collected 16 gold pieces.

Inventory:

Comestibles
 b - 2 rations


   Skills:
 + Level 2.9 Dodging
 + Level 2.9 Stealth
 + Level 2.1 Spellcasting
 + Level 3.8 Conjurations


You had 3 spell levels left.
You knew the following spells:

 Your Spells              Type           Power        Failure   Level  Hunger
a - Magic Dart            Conj           ##..         4%          1    #......

Your spell library contained the following spells:

 Spells                   Type           Power        Failure   Level  Hunger
 Searing Ray              Conj           ##....       6%          2    ###....
 Dazzling Flash           Conj/Hex       #.....       28%         3    ###....
 Fulminant Prism          Conj/Hex       #.........   67%         4    #####..
 Iskenderun's Mystic Bla  Conj/Tloc      #.......     67%         4    #####..


Dungeon Overview and Level Annotations

Branches:
Dungeon (1/15)

Altars:


Innate Abilities, Weirdness & Mutations

You cannot wear armour.
You are incapable of wielding weapons or throwing items.
Your paws allow you to move quietly. (Stealth)
You have sharp claws.
You have razor-sharp teeth.
You have supernaturally acute eyesight. (SInv)
You are carnivorous and can eat meat at any time.
You cover ground quickly.
You are covered in fur. (AC +1)
You have a slow metabolism.
Your sharp claws are effective at attacking unaware monsters.


Message History

You scratch the bat but do no damage. The bat misses you.
The rat barely misses you. The bat closely misses you.
The bat hits you but does no damage.
Casting: Magic Dart (safe; 4% risk of failure)
Confirm with . or Enter, or press ? or * to list all spells.
Aiming: Magic Dart (safe; 4% risk of failure)
Press: ? - help, Shift-Dir - straight line, f/p - rat
Aim: a rat The magic dart hits the rat.
You kill the rat!
The bat barely misses you. The leopard gecko barely misses you.
The leopard gecko misses you.
You miss the leopard gecko. The bat hits you but does no damage.
The leopard gecko misses you.
You scratch the leopard gecko.
The leopard gecko is heavily wounded.
The bat hits you. The leopard gecko bites you.
Ouch! That really hurt!
You die...

###########
##.....#....
##...........
#............
#............
#......!.....
#@b....$.)...
#.l..........
##......))...
##.....#....
####### #.# #


You could see a leopard gecko and a bat.

Vanquished Creatures
  A hobgoblin (D:2)
  3 bats (D:1)
  2 goblins (D:1)
  A rat (D:2)
7 creatures vanquished.

Notes
Turn   | Place    | Note
-------+----------+-------------------------------------------
     0 | D:1      | Jerej03 the Felid Conjurer began the quest for the Orb.
     0 | D:1      | Reached XP level 1. HP: 7/7 MP: 4/4
   107 | D:1      | You fall into a shaft and drop 1 floor!
   128 | D:2      | Slain by a leopard gecko

Levels and vault maps discovered:
D:1:      lightli_arrival_boilingwater, layout_basic
D:2:      layout_rooms, kennysheep_generic_room_13, uniq_jessica, uniq_natasha,
          uniq_crazy_yiuf_cottage

Action                   || total
-------------------------++-------
Melee: Unarmed           ||    17
 Cast: Magic Dart        ||     8
  Use: Potion            ||     2
  Eat: Chunk             ||     3
Armor: Skin              ||     4
Dodge: Dodged            ||    32

Table legend:
 A = Non-vault XP
 B = Vault XP
 C = Vault XP percentage of total XP
 D = Non-vault monster count
 E = Vault monster count
 F = Vault count percentage of total count
                 A         B        C        D         E       F
            +---------+---------+-------+---------+---------+-------
      Total |      11 |       0 |   0.0 |       7 |       0 |   0.0
            +---------+---------+-------+---------+---------+-------
        D:1 |       8 |       0 |   0.0 |       5 |       0 |   0.0
        D:2 |       3 |       0 |   0.0 |       2 |       0 |   0.0
            +---------+---------+-------+---------+---------+-------
